 Dungeon Crawl Stone Soup version 0.21.1-1-g345015fe64 (webtiles) character file.

8850 ILYA101 the Carver (level 11, -1/85 HPs)
             Began as a Demonspawn Berserker on July 14, 2018.
             Was a High Priest of Trog.
             Killed from afar by an electric eel (6 damage)
             ... with a bolt of electricity
             ... on level 10 of the Dungeon.
             The game lasted 00:25:50 (8836 turns).

ILYA101 the Carver (Demonspawn Berserker)           Turns: 8836, Time: 00:25:51

Health: -1/85      AC: 13    Str: 18    XL:     11   Next: 15%
Magic:  0/11       EV: 15    Int:  9    God:    Trog [*****.]
Gold:   645        SH:  0    Dex: 15    Spells: 10/10 levels left

rFire    . . .     SeeInvis +   y - +1 great sword (flame)
rCold    . . .     Gourm    .   (shield currently unavailable)
rNeg     . . .     Faith    .   I - +0 troll leather armour
rPois    .         Spirit   +   (no helmet)
rElec    .         Reflect  .   K - +0 cloak
rCorr    .         Harm     .   t - +0 pair of gloves
MR       .....                  (no boots)
Stlth    +.........             u - amulet of regeneration
HPRegen  1.04/turn              d - ring of see invisible
MPRegen  0.12/turn              m - +6 ring of protection

@: no status effects
A: hooves 2, powered by pain 2, magic shield, sturdy frame 1
a: Berserk, Trog's Hand, Brothers in Arms, Burn Spellbooks, Renounce Religion


You were on level 10 of the Dungeon.
You worshipped Trog.
Trog was extremely pleased with you.
You were not hungry.

You visited 1 branch of the dungeon, and saw 10 of its levels.
You also visited: Sewer.

You collected 645 gold pieces.

Inventory:

Hand Weapons
 a - a +0 falchion of flaming
 y - a +1 great sword of flaming (weapon)
Missiles
 F - 8 javelins of returning (quivered)
Armour
 e - a +2 ring mail
 q - a +0 buckler
 t - a +0 pair of gloves (worn)
 I - a +0 troll leather armour (worn)
 K - a +0 cloak (worn)
Jewellery
 d - a ring of see invisible (left hand)
 m - a +6 ring of protection (right hand)
 p - an uncursed amulet of rage {unknown}
 u - an amulet of regeneration (around neck)
 G - an uncursed amulet of harm {unknown}
 L - an uncursed amulet of faith {unknown}
 M - an uncursed ring of ice {unknown}
Wands
 r - a wand of paralysis (13)
Scrolls
 b - a scroll of fear
 g - 4 scrolls of teleportation
 h - a scroll of blinking
 j - 2 scrolls of remove curse
 n - 2 scrolls of immolation
 w - a scroll of magic mapping
 x - 2 scrolls of fog
 H - a scroll of acquirement {unknown}
Potions
 f - 3 potions of heal wounds
 i - 7 potions of flight
 k - 2 potions of lignification
 o - a potion of ambrosia
 v - 2 potions of might
 z - a potion of mutation
 A - a potion of berserk rage
 B - a potion of resistance {unknown}
 C - a potion of invisibility {unknown}
 E - a potion of agility {unknown}
Books
 l - a book of Spatial Translocations

   Spells                             Type                      Level
   a - Blink                          Translocation                2
   b - Shroud of Golubria             Charms/Translocation         2
   c - Lesser Beckoning               Translocation                3
   d - Gell's Gravitas                Translocation                3
   e - Teleport Other                 Translocation                3
   f - Passage of Golubria            Translocation                4
   Trog disapproves of the use of such an item.
 s - a book of Flames

   Spells                             Type                      Level
   a - Flame Tongue                   Conjuration/Fire             1
   b - Throw Flame                    Conjuration/Fire             2
   c - Conjure Flame                  Conjuration/Fire             3
   d - Inner Flame                    Hexes/Fire                   3
   e - Sticky Flame                   Conjuration/Fire             4
   f - Fireball                       Conjuration/Fire             5
   Trog disapproves of the use of such an item.
 J - a book of Cantrips

   Spells                             Type                      Level
   a - Confusing Touch                Hexes                        1
   b - Animate Skeleton               Necromancy                   1
   c - Summon Small Mammal            Summoning                    1
   d - Apportation                    Translocation                1
   Trog disapproves of the use of such an item.
Comestibles
 c - 22 rations
 D - 5 chunks of flesh


   Skills:
 + Level 7.7 Fighting
 + Level 11.7 Long Blades
 + Level 6.8 Armour
 + Level 5.1 Dodging
 + Level 1.8 Stealth
 + Level 2.5 Shields


You had 10 spell levels left.
You didn't know any spells.

Dungeon Overview and Level Annotations

Branches:
Dungeon (10/15)            Temple (0/1) D:5            Lair (0/6) D:10
    Orc: D:9-12

Altars:
Ashenzari
Cheibriados
Dithmenos
Gozag
Okawaru
Ru
Uskayaw
Vehumet
Xom

Shops:
D:4 %


Innate Abilities, Weirdness & Mutations

You have hoof-like feet.
You sometimes gain power by taking damage.
When hurt, damage is shared between your health and your magic reserves.
Your movements are slightly less encumbered by armour. (ER -2)


Message History

The bolt of electricity hits the electric eel.
The electric eel completely resists.
You hit the electric eel but do no damage.
Your kick misses the electric eel.
The electric eel shoots out a bolt of lightning at you!
The bolt of electricity hits you!
The electric eel shoots out a bolt of lightning at you!
The bolt of electricity hits you!
* * * LOW HITPOINT WARNING * * *
The bolt of electricity hits you!
* * * LOW HITPOINT WARNING * * *
The electric eel shoots out a bolt of lightning at you!
The bolt of electricity hits you!
* * * LOW HITPOINT WARNING * * *
The electric eel shoots out a bolt of lightning at you!
The bolt of electricity hits you!
* * * LOW HITPOINT WARNING * * *
The electric eel shoots out a bolt of lightning at you!
The bolt of electricity hits you!
You die...

##.# ....##... #......
......... .......#..#
......... #.........# #
#........ .........#
#.##........
.........####.#.........
........................
#. ............. #.@.#
.. .........######...##
### #.
.........#......#..#....
..
#+#####..#.##.^.........
##
#.......[.....≈....≈....
.........#.#....;;.≈.≈.≈
....###..#.#....≈.≈.≈≈..
.........#.#..≈.≈≈≈≈≈.≈.
###
.............≈.;≈≈≈≈≈≈≈≈
...


You could see an electric eel.

Vanquished Creatures
  2 two-headed ogres (D:8)
  A deep elf mage (D:9)
  2 cyclopes (D:9)
  Joseph (D:8)
  Psyche (D:9)
  2 trolls
  3 polar bears (D:8)
  A spriggan (D:7)
  3 hungry ghosts
  6 ice beasts
  A black bear (D:10)
  A sky beast (D:10)
  3 ogres
  An eye of draining (D:9)
  4 wolves
  A centaur (D:10)
  6 bullfrogs
  A scorpion (D:7)
  9 killer bees
  7 wights
  An electric eel (D:8)
  2 howler monkeys
  2 crimson imps
  2 jellies (D:7)
  A quasit (D:7)
  2 centaur zombies
  3 orc priests
  9 hounds
  2 centaur skeletons
  A bullfrog skeleton (D:8)
  2 iguanas (D:7)
  Terence (D:2)
  6 worker ants
  6 orc wizards
  A merfolk siren (Sewer)
  A merfolk avatar (Sewer)
  A worker ant zombie (D:5)
  A killer bee simulacrum (D:8)
  Robin (D:3)
  5 gnolls
  A howler monkey skeleton (D:4)
  4 river rats (Sewer)
  11 adders
  2 shadow imps
  5 white imps (D:8)
  An ufetubus (D:8)
  2 oozes
  An adder skeleton (D:4)
  An adder zombie (D:9)
  2 worms
  A dart slug (D:2)
  8 leopard geckos
  15 orcs
  3 ball pythons
  3 bats
  7 giant cockroaches
  15 goblins
  8 hobgoblins
  9 jackals
  7 kobolds
  2 quokkas
  10 frilled lizards
  A jackal skeleton (D:7)
  A quokka skeleton (D:6)
  21 rats
247 creatures vanquished.

Vanquished Creatures (collateral kills)
  2 wights (D:7)
  An orc wizard (D:7)
  3 orcs (D:7)
6 creatures vanquished.

Grand Total: 253 creatures vanquished

Notes
Turn   | Place    | Note
-------+----------+-------------------------------------------
     0 | D:1      | ILYA101 the Demonspawn Berserker began the quest for the Orb.
     0 | D:1      | Reached XP level 1. HP: 18/18 MP: 1/1
   139 | D:1      | Gained mutation: When hurt, damage is shared between your health and your magic reserves. [demonic ancestry]
   139 | D:1      | Reached XP level 2. HP: 24/24 MP: 2/2
   141 | D:1      | Reached skill level 3 in Long Blades
   392 | D:1      | Gained mutation: You have large cloven feet. [demonic ancestry]
   392 | D:1      | Reached XP level 3. HP: 29/29 MP: 1/3
   672 | D:2      | Noticed Terence
   675 | D:2      | Killed Terence
   675 | D:2      | Reached ** piety under Trog
   758 | D:2      | Gained mutation: Your movements are slightly less encumbered by armour. (ER -2) [demonic ancestry]
   758 | D:2      | Reached XP level 4. HP: 36/36 MP: 4/4
  1404 | D:2      | Reached skill level 4 in Long Blades
  1718 | D:3      | Noticed Robin
  1735 | D:3      | Reached XP level 5. HP: 42/42 MP: 5/5
  1736 | D:3      | Killed Robin
  2223 | D:4      | Found a glowing drain.
  2255 | Sewer    | Entered a sewer
  2366 | Sewer    | Gained mutation: You have hoof-like feet. [demonic ancestry]
  2366 | Sewer    | Reached XP level 6. HP: 23/48 MP: 3/6
  2575 | Sewer    | Reached *** piety under Trog
  3068 | D:4      | Found a hide-covered altar of Uskayaw.
  3129 | D:4      | Reached skill level 5 in Long Blades
  3179 | D:4      | Reached XP level 7. HP: 25/54 MP: 4/7
  3564 | D:4      | Found Rinweylle's Food Emporium.
  3624 | D:4      | Found a sacrificial altar of Ru.
  4109 | D:5      | Entered Level 5 of the Dungeon
  4152 | D:5      | Found an opulent altar of Gozag.
  4456 | D:5      | Found a staircase to the Ecumenical Temple.
  4834 | D:6      | Found a snail-covered altar of Cheibriados.
  4854 | D:6      | Reached skill level 6 in Long Blades
  5078 | D:6      | Reached skill level 1 in Shields
  5082 | D:6      | Reached XP level 8. HP: 61/61 MP: 8/8
  5097 | D:6      | Reached skill level 1 in Stealth
  5440 | D:7      | Paralysed by fainting for 10 turns
  5464 | D:7      | Paralysed by fainting for 10 turns
  5497 | D:7      | Found a radiant altar of Vehumet.
  5552 | D:7      | Reached skill level 5 in Fighting
  5552 | D:7      | Reached skill level 5 in Armour
  5562 | D:7      | Found an iron altar of Okawaru.
  5580 | D:7      | Reached **** piety under Trog
  5737 | D:7      | You fall through a shaft for 2 floors!
  5737 | D:9      | Noticed a cyclops
  5801 | D:9      | Noticed a cyclops
  5817 | D:9      | Killed a cyclops
  5817 | D:9      | Reached skill level 7 in Long Blades
  5864 | D:9      | Found a shattered altar of Ashenzari.
  5872 | D:9      | Found a snail-covered altar of Cheibriados.
  5882 | D:9      | Noticed Psyche
  5889 | D:9      | Killed Psyche
  5889 | D:9      | Gained mutation: You sometimes gain a little power by taking damage. [demonic ancestry]
  5889 | D:9      | Reached XP level 9. HP: 66/69 MP: 7/9
  5927 | D:8      | Noticed a polar bear
  5940 | D:8      | Killed a polar bear
  5984 | D:8      | Noticed a polar bear
  5985 | D:8      | Noticed a polar bear
  5985 | D:8      | Noticed Joseph
  5991 | D:8      | Received a gift from Trog
  6011 | D:8      | Killed a polar bear
  6011 | D:8      | Reached skill level 8 in Long Blades
  6014 | D:8      | Killed a polar bear
  6678 | D:7      | Reached skill level 9 in Long Blades
  6994 | D:8      | Killed Joseph
  6994 | D:8      | Gained mutation: You sometimes gain power by taking damage. [demonic ancestry]
  6994 | D:8      | Reached XP level 10. HP: 63/77 MP: 7/10
  7314 | D:8      | Noticed a two-headed ogre
  7324 | D:8      | Killed a two-headed ogre
  7366 | D:8      | Noticed a two-headed ogre
  7374 | D:8      | Killed a two-headed ogre
  7374 | D:8      | Reached skill level 10 in Long Blades
  8011 | D:9      | Noticed a deep elf mage
  8015 | D:9      | Killed a deep elf mage
  8015 | D:9      | Reached skill level 11 in Long Blades
  8023 | D:9      | Killed a cyclops
  8104 | D:9      | Found a shimmering altar of Xom.
  8116 | D:9      | Found a shadowy altar of Dithmenos.
  8203 | D:10     | Entered Level 10 of the Dungeon
  8278 | D:10     | Reached XP level 11. HP: 85/85 MP: 11/11
  8280 | D:10     | Reached ***** piety under Trog
  8333 | D:10     | Reached skill level 5 in Dodging
  8632 | D:10     | Found a staircase to the Lair.
  8835 | D:10     | HP: 4/85 [electric eel/bolt of electricity (6)]
  8836 | D:10     | Killed from afar by an electric eel

Skill      XL: |  1  2  3  4  5  6  7  8  9 10 11 |
---------------+----------------------------------+-----
Long Blades    | 3 4 5 6 7 9 11 | 11.7
Armour         | 2 3 4 5 6 |  6.8
Dodging        | 2 3 4 5 |  5.1
Fighting       | 4 5 6 7 |  7.7
Shields        | 1 2 |  2.5
Stealth        | 1 |  1.8

Action                   |  1- 3 |  4- 6 |  7- 9 | 10-12 || total
-------------------------+-------+-------+-------+-------++-------
Melee: Falchion          |    42 |   287 |   142 |       ||   471
       Kick              |     2 |    69 |    82 |    66 ||   219
       Great sword       |       |       |   110 |   205 ||   315
Invok: Berserk           |     2 |     3 |     4 |     3 ||    12
       Trog's Hand       |       |     3 |     3 |     2 ||     8
       Brothers in Arms  |       |       |     2 |       ||     2
  Use: Scroll            |       |     1 |    17 |       ||    18
  Eat: Chunk             |       |    13 |    10 |    14 ||    37
       Ration            |       |       |     4 |       ||     4
Armor: Ring mail         |    20 |    98 |   142 |    41 ||   301
       Troll leather arm |       |       |       |    67 ||    67
Dodge: Dodged            |    34 |   130 |   158 |   192 ||   514
Block: Buckler           |       |    26 |    25 |       ||    51
       Rpst.: Falchion   |    14 |    41 |    20 |       ||    75
       Great sword       |       |       |    20 |    46 ||    66
